 Dungeon Crawl Stone Soup version 0.28-a0-973-ga7f8b01127 (webtiles) character file.

Game seed: 9819207884942055621

81 yoda5477 the Shield-Bearer (level 4, 38/38 HPs)
             Began as a Draconian Fighter on Dec 1, 2021.
             Quit the game on level 3 of the Dungeon.
             The game lasted 00:09:18 (2049 turns).

yoda5477 the Shield-Bearer (Draconian Fighter)      Turns: 2049, Time: 00:09:19

Health: 38/38      AC:  5    Str: 18    XL:     4   Next: 20%
Magic:  5/5        EV: 12    Int: 11    God:
Gold:   97         SH:  4    Dex: 10    Spells: 5/5 levels left

rFire   . . .      SeeInvis .   a - +0 war axe
rCold   . . .      Faith    .   b - +0 buckler
rNeg    . . .      Spirit   .   (armour unavailable)
rPois   .          Reflect  .   (helmet restricted)
rElec   .          Harm     .   (no cloak)
rCorr   .          Rampage  .   (no gloves)
Will    .....                   (no boots)
Stlth   +.........              (no amulet)
HPRegen 0.12/turn               (no ring)
MPRegen 0.09/turn               (no ring)

@: no status effects
A: AC +5, unfitting armour, cold-blooded
a: no special abilities


You were on level 3 of the Dungeon.
You visited 1 branch of the dungeon, and saw 3 of its levels.

You collected 97 gold pieces.

Inventory:

Hand Weapons
 a - a +0 war axe (weapon)
Missiles
 d - 100 stones
 h - 18 poisoned darts (quivered)
 i - 3 boomerangs
Armour
 b - a +0 buckler (worn)
Magical Staves
 k - a staff of earth
Scrolls
 f - 3 scrolls of identify {unknown}
 j - a scroll of enchant armour {unknown}
 m - a scroll of enchant weapon {unknown}
 n - a scroll of blinking {unknown}
Potions
 c - 3 potions of might
 e - a potion of brilliance {unknown}
 g - 2 potions of curing {unknown}
 l - a potion of heal wounds {unknown}


   Skills:
 - Level 3.2 Fighting
 * Level 3.3 Axes
 - Level 0.3 Throwing
 + Level 3.1 Dodging
 + Level 3.4 Shields
 * Level 1.3 Spellcasting


You had 5 spell levels left.
You didn't know any spells.
Your spell library contained the following spells:

 Spells                   Type           Power      Damage    Failure   Level
 Ensorcelled Hibernation  Hex/Ice        0%         N/A       45%         2
 Spider Form              Tmut/Pois      0%         N/A       71%         3


Dungeon Overview and Level Annotations

Branches:
Dungeon (3/15)

Altars:
Ashenzari

Shops:
D:1 =


Innate Abilities, Weirdness & Mutations

Your plain brown scales are hard. (AC +5)
You cannot fit into any form of body armour.
You are cold-blooded and may be slowed by cold attacks.


Message History

The orc hits you with a +0 war axe.
You are too injured to fight recklessly!
You slash the orc!
You kill the orc!
You climb upwards.
There is a stone staircase leading down here.
You start resting.
HP restored.
You climb downwards.
There is a stone staircase leading up here.
Things that are here:
a +0 war axe; an orc corpse Unknown command.
Unknown command.
n - a scroll labelled ECSYQI ZYWN
Things that are here:
a +0 dagger; a goblin corpse
There is a stone staircase leading up here.
Things that are here:
a +0 war axe; an orc corpse
There is an open door here.
Things that are here:
a +0 dagger; a +0 short sword; an orc corpse You see here a giant cockroach corpse.
You see here a giant cockroach corpse.
Things that are here:
a +0 dagger; a +0 short sword; an orc corpse
There is an open door here.
There is an open door here.
There is an open door here.
As you open the door, it creaks loudly!
A hobgoblin comes into view.
The hobgoblin shouts!
There is an open door here.
You closely miss the hobgoblin. The hobgoblin hits you.
You slash the hobgoblin!
You kill the hobgoblin!
No target in view!
Unknown command.
Are you sure you want to abandon this character and quit the game? (Confirm with "yes".)

#.#.####.# #........# .
###.###### ##. ##'## #..
##...## #.# ##.....## #.##
##.......## #..##
###.........####...#########
†)'.........'...@...........
###).)......###.....########
# ##<......## #...#.# #
##.....## #..##.# . ##...##
#..##.# ## ##'## #.....# #
#.# ##.#### # #.### #.#
##.#.##


There were no monsters in sight!

Vanquished Creatures
  An adder (D:2)
  3 worms (D:2)
  3 dart slugs
  3 orcs (D:3)
  5 ball pythons
  4 endoplasms
  3 giant cockroaches
  10 goblins
  5 hobgoblins
  A kobold (D:1)
  2 quokkas (D:2)
  4 bats
  3 frilled lizards
47 creatures vanquished.

Notes
Turn   | Place    | Note
-------+----------+-------------------------------------------
     0 | D:1      | yoda5477 the Draconian Fighter began the quest for the Orb.
     0 | D:1      | Reached XP level 1. HP: 19/19 MP: 1/1
    84 | D:1      | Found a faded altar of an unknown god.
   303 | D:1      | Reached XP level 2. HP: 25/26 MP: 2/2
   499 | D:1      | Found Qomef's Jewellery Boutique.
  1050 | D:2      | Reached XP level 3. HP: 31/31 MP: 4/4
  1065 | D:2      | Reached skill level 1 in Spellcasting
  1503 | D:2      | Found a broken altar of Ashenzari.
  1511 | D:2      | Reached XP level 4. HP: 38/38 MP: 5/5
  2049 | D:3      | Quit the game

Illustrated notes

Levels and vault maps discovered:
D:1:      saegor_arrival_miasma, layout_basic, serial_shops, shop,
          hellmonk_ecumenical_altar_lost_god, corexii_corridor_pit,
          minmay_crystal_room
D:2:      layout_loops_ring, basic_altar
D:3:      layout_loops_corners

Skill      XL: |  1  2  3 |
---------------+----------+-----
Dodging        | 3 |  3.1
Spellcasting   | 1 |  1.3
Axes           | 3 |  3.3
Fighting       | |  3.2
Throwing       | |  0.3
Shields        | |  3.4

Action                   |  1- 3 |  4- 6 || total
-------------------------+-------+-------++-------
Melee: War axe           |    95 |    25 ||   120
       Tailslap          |     9 |       ||     9
Throw: Dart              |    14 |       ||    14
Armor: Skin              |    25 |     6 ||    31
Dodge: Dodged            |    63 |    11 ||    74
Block: Buckler           |    23 |     2 ||    25

Table legend: (Time is in decaauts)
 A = Elapsed time spent in this place.
 B = Non-inter-level travel time spent in this place.
 C = Inter-level travel time spent in this place.
 D = Time resting spent in this place.
 E = Time spent auto-exploring this place.
 F = Levels seen in this place.
 G = Mean time per level.
                   A        B        C        D        E       F      G
               +--------+--------+--------+--------+--------+-----+--------+
         Total |   2102 |   1974 |    128 |    462 |    969 |   3 |  700.7 |
       Dungeon |   2102 |   1974 |    128 |    462 |    969 |   3 |  700.7 |
               +--------+--------+--------+--------+--------+-----+--------+

Top non-repeatable levels by time:
     D:2: 1014 daAuts
     D:1: 936 daAuts
     D:3: 151 daAuts
